 Dungeon Crawl Stone Soup version 0.29.1-14-g9c671dbff4 (webtiles) character file.

Game seed: 8334642021312817664

1625 javelincjr the Thaumaturge (level 9, -1/58 HPs)
             Began as a Djinni Earth Elementalist on Feb 14, 2023.
             Was an Initiate of Hepliaklqana.
             Killed by nerve-wracking pain
             ... invoked by an orc priest
              (5 damage)
             ... on level 6 of the Dungeon.
             The game lasted 00:34:37 (5636 turns).

javelincjr the Thaumaturge (DjEE)                   Turns: 5636, Time: 00:34:37

Health: -1/58      AC:  5    Str:  9    XL:     9   Next: 17%
Gold:   205        EV: 13    Int: 20    God:    Hepliaklqana [......] SH:  0 Dex: 13

rFire   + + +      SeeInvis +   q - +3 long sword (elec)
rCold   x x .      Faith    .   r - orb {*Rage}
rNeg    . . .      Spirit   .   a - +0 robe
rPois   ∞          Reflect  .   (no helmet)
rElec   .          Harm     .   (no cloak)
rCorr   .          Rampage  .   p - +2 pair of gloves
Will    .....      Rage     20% (boots unavailable)
Stlth   ++........              i - amulet of regeneration
HPRegen 0.99/turn               g - ring of fire
MPRegen 0.00/turn               x - ring of see invisible

@: flying
A: sickness immunity, fire resistance 2, cold vulnerability 1, float, innate
caster, HP casting, extra vitality 1
a: Renounce Religion


You were on level 6 of the Dungeon.
You worshipped Hepliaklqana.
Hepliaklqana was noncommittal.
You visited 2 branches of the dungeon, and saw 7 of its levels.

You collected 205 gold pieces.

Inventory:

Hand Weapons
 c - a +3 trident of venom
 j - a +0 dagger of venom
 q - a +3 long sword of electrocution (weapon)
Missiles
 b - 2 throwing nets
 s - 11 poisoned darts
Armour
 a - a +0 robe (worn)
 p - a +2 pair of gloves (worn)
 r - an orb of wrath (worn)
Jewellery
 f - a ring of wizardry
 g - a ring of fire (left hand)
 i - an amulet of regeneration (around neck)
 x - a ring of see invisible (right hand)
Wands
 l - a wand of paralysis (5)
Scrolls
 e - 2 scrolls of blinking
 m - a scroll of summoning
 n - a scroll of magic mapping
 u - a scroll of enchant armour
 v - 2 scrolls of amnesia {unknown}
 y - 2 scrolls of teleportation {unknown}
 z - a scroll of vulnerability {unknown}
 A - a scroll of silence {unknown}
 B - a scroll of enchant weapon {unknown}
 C - a scroll of fog {unknown}
Potions
 d - a potion of might
 h - a potion of heal wounds {unknown}
 k - a potion of haste {unknown}
 o - a potion of curing {unknown}
 w - a potion of cancellation {unknown}


   Skills:
 + Level 1.8 Fighting
 + Level 0.4 Long Blades
 + Level 3.1 Dodging
 + Level 2.5 Stealth
 + Level 8.3 Spellcasting


You had 4 spell levels left.
You knew the following spells:

 Your Spells              Type           Power      Damage    Failure   Level
a - Sandblast             Erth           82%        2d17      1%          1
b - Passwall              Tmut/Erth      34%        N/A       1%          2
c - Stone Arrow           Conj/Erth      82%        3d12      1%          3
d - Petrify               Tmut/Erth      41%        N/A       2%          4
e - Beastly Appendage     Tmut           82%        N/A       1%          1
f - Scorch                Fire           100%       2d10      1%          2
g - Tukima's Dance        Hex            41%        N/A       1%          3
h - Airstrike             Air            20%        2d(3-19)  2%          4
Your spell library was empty.

Dungeon Overview and Level Annotations

Branches:
Dungeon (6/15)             Temple (1/1) D:5

Altars:
Ashenzari
Cheibriados
Dithmenos
Elyvilon
Fedhas
Hepliaklqana
Nemelex Xobeh
Okawaru
Qazlal
Ru
Trog
Uskayaw
Wu Jian
Xom
Yredelemnul
Zin

Shops:
D:4 ***:(   D:6 :

Annotations:
D:4 3 runed translucent doors, Priul's ghost, amateur DENe; croobank's ghost, weakling OpDe; leafyfresh's ghost, amateur GnDe; sigtrap's ghost, amateur GnFi
D:6 2 transporters


Innate Abilities, Weirdness & Mutations

You are immune to sickness and miasma.
You are immune to poison.
Your flesh is very heat resistant. (rF++)
You are vulnerable to cold. (rC-)
You float through the air rather than walking.
You learn spells naturally, not from books.
Your magical power is your life essence.
You have superior vitality. (+4 MHP)


Message History

Confirm with . or Enter, or press ? or * to list all spells.
Aiming: Sandblast (safe; 1% risk of failure)
Press: ? - help, Shift-Dir - straight line, f/p - orc wizard
Aim: an orc wizard, wielding a +0 dagger and wearing a +0 robe (almost dead, slightly transparent, 81% to hit)
The blast of sand misses the orc wizard.
The orc barely misses you. The orc wizard casts a spell at you.
The magic dart hits you.
Casting: Sandblast (safe; 1% risk of failure)
Confirm with . or Enter, or press ? or * to list all spells.
Aiming: Sandblast (safe; 1% risk of failure)
Press: ? - help, Shift-Dir - straight line, f/p - orc wizard
Aim: an orc wizard, wielding a +0 dagger and wearing a +0 robe (almost dead, slightly transparent, 81% to hit)
The blast of sand hits the orc wizard.
You kill the orc wizard!
The orc hits you but does no damage.
The orc priest calls down the wrath of Beogh upon you.
Beogh smites you! The orc misses you.
Casting: Sandblast (safe; 1% risk of failure)
Confirm with . or Enter, or press ? or * to list all spells.
Aiming: Sandblast (safe; 1% risk of failure)
Press: ? - help, Shift-Dir - straight line, f - orc priest
Aim: an orc priest, wielding a +0 club and wearing a +0 scale mail (87% to hit)
The blast of sand hits the orc!!
You kill the orc!
* * * LOW HITPOINT WARNING * * *
Casting: Sandblast (safe; 1% risk of failure)
Confirm with . or Enter, or press ? or * to list all spells.
Aiming: Sandblast (safe; 1% risk of failure)
Press: ? - help, Shift-Dir - straight line, f/p - orc priest
Aim: an orc priest, wielding a +0 club and wearing a +0 scale mail (87% to hit)
The blast of sand hits the orc priest!
The orc priest is almost dead.
* * * LOW HITPOINT WARNING * * *
The orc priest invokes the aid of Beogh against you.
Beogh smites you!
* * * LOW HITPOINT WARNING * * *
The orc priest mumbles some strange prayers to Beogh against you.
Pain shoots through your body!
You die...

#...# #.#...# #.[.#
#...... #...#
##...... #...#
.##...... #...#
..##.....#
#####...#...##.#.#.#
#..........?.#.....#
###)).#....###....
#@o.)......# #....
#)#####....# #....
#...# #....###.###
###.# #........# #.#
##.......##
#.####........##
#...<.........##
###......#######
#......# ##_##


You could see an orc priest.

Vanquished Creatures
  Grinder (D:3)
  Duvessa (D:5)
  A black bear (D:4)
  An ice beast (D:5)
  3 ogres
  2 scorpions (D:6)
  3 wights (D:6)
  Dowan (D:5)
  A howler monkey (D:6)
  A hound (D:5)
  A jelly (D:4)
  2 iguanas
  An orc wizard (D:6)
  8 gnolls
  11 adders
  2 shadow imps
  2 worms (D:2)
  2 dart slugs
  6 orcs
  11 ball pythons
  2 bats
  3 endoplasms
  3 giant cockroaches
  8 goblins
  2 hobgoblins
  6 jackals
  4 kobolds
  4 quokkas
  2 frilled lizards (D:1)
  5 rats
100 creatures vanquished.

Vanquished Creatures (collateral kills)
  A gnoll sergeant (D:6)
  A hound (D:6)
  2 gnolls
  2 orcs (D:6)
6 creatures vanquished.

Vanquished Creatures (others)
  2 dancing weapons (D:5)
  3 plants (D:4)
  2 withered plants (D:4)
7 creatures vanquished.

Grand Total: 113 creatures vanquished

Notes
Turn   | Place    | Note
-------+----------+-------------------------------------------
     0 | D:1      | javelincjr the Djinni Earth Elementalist began the quest
                  | for the Orb.
     0 | D:1      | javelincjr set off with the following spells memorised:
                  | Sandblast, Passwall, Stone Arrow, Petrify.
     0 | D:1      | Reached XP level 1. HP: 15/15 MP: 0/0
   239 | D:1      | Reached XP level 2. HP: 19/21 MP: 0/0
   723 | D:1      | Reached XP level 3. HP: 18/25 MP: 0/0
   723 | D:1      | Learned a level 1 spell: Beastly Appendage
   741 | D:1      | Reached skill level 3 in Spellcasting
  1262 | D:2      | Found a faded altar of an unknown god.
  1271 | D:2      | Reached XP level 4. HP: 26/31 MP: 0/0
  1572 | D:2      | Reached XP level 5. HP: 35/35 MP: 0/0
  1572 | D:2      | Learned a level 2 spell: Scorch
  1658 | D:2      | Found a sacrificial altar of Ru.
  2381 | D:3      | Identified the +0 robe "Junlo" {Harm}
  2429 | D:3      | Noticed Grinder
  2437 | D:3      | Killed Grinder
  2438 | D:3      | Reached skill level 5 in Spellcasting
  2438 | D:3      | Reached XP level 6. HP: 31/41 MP: 0/0
  2886 | D:4      | Found Taduytro's General Store.
  2908 | D:4      | Found a blossoming altar of Fedhas.
  2926 | D:4      | Found Kucoitun's Assorted Antiques.
  2926 | D:4      | Noticed an ogre
  2996 | D:4      | Reached XP level 7. HP: 46/46 MP: 0/0
  2996 | D:4      | Learned a level 3 spell: Tukima's Dance
  3023 | D:4      | Found Qoutwatt's General Store.
  3137 | D:4      | Found an ornate altar of the Wu Jian Council.
  3169 | D:4      | Found a runed translucent gate.
  3170 | D:4      | Noticed sigtrap's ghost (amateur GnFi)
  3171 | D:4      | Found a runed translucent gate.
  3171 | D:4      | Noticed leafyfresh's ghost (amateur GnDe)
  3171 | D:4      | Noticed Priul's ghost (amateur DENe)
  3171 | D:4      | Noticed croobank's ghost (weakling OpDe)
  3172 | D:4      | Found a runed translucent gate.
  3186 | D:4      | Reached skill level 6 in Spellcasting
  3239 | D:4      | Found Huadeoph's Weapon Shoppe.
  3256 | D:4      | Found Ujycwal's Book Shop.
  3787 | D:5      | Entered Level 5 of the Dungeon
  3873 | D:5      | Reached XP level 8. HP: 49/51 MP: 0/0
  4285 | D:5      | Reached skill level 1 in Fighting
  4575 | D:5      | Noticed Duvessa
  4577 | D:5      | Noticed Dowan
  4595 | D:5      | Killed Dowan
  4605 | D:5      | Killed Duvessa
  4606 | D:5      | Reached skill level 7 in Spellcasting
  4640 | D:5      | Found a staircase to the Ecumenical Temple.
  4688 | Temple   | Entered the Ecumenical Temple
  4844 | Temple   | Became a worshipper of Hepliaklqana the Forgotten
  5317 | D:6      | Found Gigof's Book Shoppe.
  5348 | D:6      | Noticed a kobold demonologist
  5349 | D:6      | Found a transporter.
  5357 | D:6      | Found a transporter.
  5397 | D:6      | Noticed a kobold demonologist
  5445 | D:6      | Found a hide-covered altar of Uskayaw.
  5540 | D:6      | Found a shimmering altar of Xom.
  5615 | D:6      | Reached XP level 9. HP: 56/58 MP: 0/0
  5615 | D:6      | Learned a level 4 spell: Airstrike
  5622 | D:6      | Reached skill level 8 in Spellcasting
  5636 | D:6      | Killed from afar by an orc priest

Illustrated notes

Levels and vault maps discovered:
D:1:      dpeg_arrival_ternary, layout_basic, minmay_stone_trees_medium,
          minmay_cut_off
D:2:      layout_basic, serial_corexii_hall, corexii_hall_statues_u,
          corexii_hall_statues_deadend, basic_altar,
          nicolae_ecumenical_snake_handling
D:3:      wander_river, layout_basic, fiery_altar_vehumet,
          mrwooster_statue_mirror, uniq_grinder
D:4:      layout_basic, mainiacjoe_overflow_six_doors_small,
          nicolae_wu_jian_wuxing_cycle, gammafunk_ghost_cemetery, serial_shops,
          nicolae_shop_behind_doors, nicolae_shop_overgrown_old_shop,
          nicolae_take_the_stairs, nicolae_shop_window_shopping, shop_statue
D:5:      layout_basic, minmay_temple_entry_large_hall, nrook_uturn,
          uniq_duvessa
D:6:      gammafunk_wand_slinger, layout_basic,
          mainiacjoe_overflow_cross_hatched, nicolae_overflow_hidden_temple,
          serial_shops, nicolae_shop_statue_plus, uniq_edmund
Temple:   hellmonk_temple_forest_ring

Skill      XL: |  1  2  3  4  5  6  7  8  9 |
---------------+----------------------------+-----
Spellcasting   | 3 5 6 7 8 |  8.3
Stealth        | 2 |  2.5
Dodging        | 3 |  3.1
Fighting       | 1 |  1.8
Long Blades    | |  0.4

Action                   |  1- 3 |  4- 6 |  7- 9 || total
-------------------------+-------+-------+-------++-------
Melee: Long sword        |       |       |    13 ||    13
 Cast: Sandblast         |    41 |    48 |    60 ||   149
       Scorch            |       |     6 |       ||     6
       Stone Arrow       |       |     2 |    24 ||    26
       Petrify           |       |     1 |    15 ||    16
       Beastly Appendage |       |     1 |       ||     1
       Tukima's Dance    |       |       |    16 ||    16
  Use: Potion            |       |     1 |       ||     1
       Scroll            |       |       |     9 ||     9
 Stab: Petrified         |       |       |     1 ||     1
Armor: Robe              |     6 |     3 |     6 ||    15
Dodge: Dodged            |    14 |     5 |    16 ||    35
